 Dungeon Crawl Stone Soup version 0.30.0-5-g1a98f26d00 (webtiles) character file.

Game seed: 9804423566610500781

2404 SnakkuSnakku7 the Martial Artist (level 9, 0/46 HPs)
             Began as a Vine Stalker Fire Elementalist on May 13, 2023.
             Slain by Joseph
             ... wielding a +0 quarterstaff
              (12 damage)
             ... on level 7 of the Dungeon.
             The game lasted 00:06:03 (4242 turns).

SnakkuSnakku7 the Martial Artist (VSFE)             Turns: 4242, Time: 00:06:03

Health: 0/46       AC:  7    Str: 21    XL:     9   Next: 47%
Magic:  0/13       EV: 11    Int: 15    God:
Gold:   306        SH:  5    Dex: 15    Spells: 11/12 levels left

rFire   + .          .
                       - Unarmed
rCold   . . .        (no shield)
rNeg    . . .        j - +0 ring mail
rPois   .            t - +0 helmet
rElec   .            C - +0 cloak
rCorr   .            (no gloves)
SInv    .            (no boots)
Will    +....        w - amulet of reflection
Stlth   +            e - +6 ring of strength
HPRegen 1.07/turn    r - ring of protection from fire
MPRegen 0.13/turn

%: reflection, guardian spirit
@: no status effects
A: fangs 3, regeneration 1, magic shield, antimagic bite, no potion heal 2
a: no special abilities


You were on level 7 of the Dungeon.
You visited 2 branches of the dungeon, and saw 8 of its levels.

You collected 306 gold pieces.

Inventory:

Missiles
 v - a throwing net (quivered)
Armour
 a - a +0 robe
 f - a +0 chain mail
 j - a +0 ring mail (worn)
 t - a +0 helmet (worn)
 C - a +0 cloak (worn)
Jewellery
 e - a +6 ring of strength (left hand)
 r - a ring of protection from fire (right hand)
 w - an amulet of reflection (around neck)
 B - a ring of see invisible
Wands
 s - a wand of digging (8)
 y - a wand of roots (13)
 D - a wand of charming (6)
Scrolls
 d - 6 scrolls of amnesia {unknown}
 g - a scroll of silence {unknown}
 h - 10 scrolls of identify {unknown}
 k - 3 scrolls of teleportation {unknown}
 m - a scroll of enchant armour {unknown}
 o - a scroll of torment {unknown}
 p - 4 scrolls of blinking {unknown}
 q - 3 scrolls of noise {unknown}
 u - a scroll of fog {unknown}
 G - a scroll of enchant weapon {unknown}
Potions
 b - 2 potions of magic
 c - 2 potions of heal wounds {unknown}
 i - 6 potions of curing {unknown}
 l - 3 potions of might {unknown}
 n - a potion of flight {unknown}
 x - 2 potions of berserk rage {unknown}
 z - a potion of mutation {unknown}
 A - a potion of attraction {unknown}
 E - 2 potions of brilliance {unknown}
 F - a potion of cancellation {unknown}


   Skills:
 + Level 4.6 Fighting
 - Level 1.5 Dodging
 - Level 2.4 Stealth
 - Level 11.2 Unarmed Combat
 - Level 2.1 Spellcasting
 - Level 1.0 Conjurations
 - Level 3.0 Fire Magic


You had 11 spell levels left.
You knew the following spells:

 Your Spells              Type           Power      Damage    Failure   Level
a - Foxfire               Conj/Fire      28%        2x1d5     16%         1

Your spell library contained the following spells:

 Spells                   Type           Power      Damage    Failure   Level
 Scorch                   Fire           20%        2d5       16%         2
 Static Discharge         Conj/Air       6%         2-3/arc   41%         2
 Inner Flame              Hex/Fire       6%         N/A       52%         3
 Volatile Blastmotes      Fire/Tloc      12%        2d11      52%         3
 Call Canine Familiar     Summ           1%         N/A       73%         3
 Gell's Gravitas          Tloc           1%         N/A       73%         3
 Portal Projectile        Hex/Tloc       2%         N/A       73%         3
 Teleport Other           Tloc           1%         N/A       73%         3
 Flame Wave               Conj/Fire      7%         2d5       85%         4
 Airstrike                Air            0%         2d(1-17)  98%         4
 Leda's Liquefaction      Hex/Erth       0%         N/A       98%         4
 Summon Lightning Spire   Summ/Air       1%         N/A       98%         4
 Dispersal                Tloc           0%         N/A       100%        6


Dungeon Overview and Level Annotations

Branches:
Dungeon (7/15)             Temple (1/1) D:4

Altars:
Ashenzari
Fedhas
Kikubaaqudgha
Nemelex Xobeh
Qazlal
Sif Muna
Trog
Wu Jian

Shops:
D:2 *

Annotations:
D:7 Joseph


Innate Abilities, Weirdness & Mutations

You have razor-sharp teeth.
Your natural rate of healing is unusually fast.
When hurt, damage is shared between your health and your magic reserves.
Your bite disrupts and absorbs the magic of your enemies.
Potions cannot restore your health.


Message History

h - 10 scrolls labelled WIUNTA GECOTT (gained 1) As you open the door, it creaks loudly!
There is an open door here.
You open the door.
There is an open door here.
You open the door.
There is an open door here.
You open the door.
Found a dagger.
There is an open door here.
You see here a +0 dagger.
There is an open door here.
You open the door.
Joseph, a Mercenary comes into view.
He is wielding a +0 quarterstaff.
There is an open door here.
Joseph shouts!
Joseph unwields a +0 quarterstaff.
Joseph wields a +3 sling of electrocution.
You hear the crackle of electricity.
Joseph shoots a sling bullet.
The sling bullet hits you!
You are electrocuted!
Joseph shoots a sling bullet.
The sling bullet hits you!
Found a long sword.
Joseph unwields a +3 sling of electrocution.
It stops crackling.
Joseph wields a +0 quarterstaff.
Joseph hits you with a +0 quarterstaff!
You barely miss Joseph. Joseph hits you with a +0 quarterstaff.
You punch Joseph! You bite Joseph, but do no damage.
Joseph is lightly wounded.
Unknown command.
You hit Joseph. You bite Joseph, but do no damage.
Joseph is lightly wounded.
Joseph hits you with a +0 quarterstaff!
* * * LOW HITPOINT WARNING * * *
You hit Joseph. You punch Joseph, but do no damage.
Joseph is moderately wounded.
You block Joseph's attack.
You barely miss Joseph.
Joseph is moderately wounded.
Joseph hits you with a +0 quarterstaff!
You die...

#...##..##...#....#
#........#...#....#
#...##...#...#....#
#...##..##...#....#
.....##..##...'....#
.......+.......#....#
.......#.......#....#
.##...##..######....#
# ##+###..###..#@...#
#....#..#@...#
#....#).#....#
#....'..#....#
#....#..#....#
######..#....#
#..#....# #..#)...#
#..#


You could see Joseph.

Vanquished Creatures
  Pikel (D:4)
  Sigmund (D:5)
  Menkaure (D:5)
  2 water moccasins (D:5)
  2 black bears
  3 ice beasts
  3 ogres
  2 lemures (D:4)
  4 scorpions
  A howler monkey (D:6)
  A hound (D:5)
  Crazy Yiuf (D:5)
  A gnoll bouda (D:4)
  3 iguanas
  Ijyb (D:3)
  Terence (D:2)
  An orc wizard (Temple)
  Robin (D:3)
  10 gnolls
  3 adders
  2 white imps (D:5)
  2 ufetubi
  2 dart slugs
  13 orcs
  A ball python (D:2)
  6 endoplasms
  2 giant cockroaches (D:2)
  9 goblins
  8 hobgoblins
  4 jackals (D:3)
  10 kobolds
  3 quokkas
  7 bats
  4 frilled lizards
  5 rats
121 creatures vanquished.

Vanquished Creatures (others)
  14 foxfires (D:1)
14 creatures vanquished.

Grand Total: 135 creatures vanquished

Notes
Turn   | Place    | Note
-------+----------+-------------------------------------------
     0 | D:1      | SnakkuSnakku7 the Vine Stalker Fire Elementalist began the
                  | quest for the Orb.
     0 | D:1      | Reached XP level 1. HP: 9/9 MP: 4/4
   105 | D:1      | Reached skill level 1 in Fighting
   105 | D:1      | Reached skill level 1 in Unarmed Combat
   105 | D:1      | Reached XP level 2. HP: 14/14 MP: 0/6
   394 | D:1      | You fall into a shaft and drop 1 floor!
   644 | D:2      | Reached skill level 2 in Unarmed Combat
   644 | D:2      | Reached XP level 3. HP: 18/18 MP: 7/7
   652 | D:2      | Found a faded altar of an unknown god.
   845 | D:2      | Found a bloodstained altar of Trog.
   951 | D:2      | Noticed Terence
   953 | D:2      | Found Feaces's General Store.
   963 | D:2      | Killed Terence
   964 | D:2      | Reached skill level 3 in Unarmed Combat
   964 | D:2      | Gained mutation: Your natural rate of healing is unusually
                  | fast. [Vine Stalker growth]
   964 | D:2      | Reached XP level 4. HP: 5/22 MP: 1/8
  1370 | D:3      | Noticed Ijyb
  1415 | D:3      | Killed Ijyb
  1416 | D:3      | Reached skill level 4 in Unarmed Combat
  1416 | D:3      | Reached XP level 5. HP: 25/25 MP: 6/9
  1828 | D:3      | Noticed Robin
  1840 | D:3      | Killed Robin
  1937 | D:4      | Noticed an ogre
  2014 | D:4      | Reached skill level 5 in Unarmed Combat
  2021 | D:4      | Found a staircase to the Ecumenical Temple.
  2084 | Temple   | Entered the Ecumenical Temple
  2089 | Temple   | Reached XP level 6. HP: 22/30 MP: 7/10
  2141 | D:4      | Reached skill level 6 in Unarmed Combat
  2234 | D:4      | Found a blossoming altar of Fedhas.
  2303 | D:4      | Reached skill level 7 in Unarmed Combat
  2303 | D:4      | Reached XP level 7. HP: 15/33 MP: 3/11
  2334 | D:4      | Found an ornate altar of the Wu Jian Council.
  2451 | D:4      | Noticed Pikel
  2488 | D:4      | Killed Pikel
  2489 | D:4      | Reached skill level 9 in Unarmed Combat
  2489 | D:4      | Gained mutation: You have razor-sharp teeth. [Vine Stalker
                  | growth]
  2489 | D:4      | Reached XP level 8. HP: 19/37 MP: 4/12
  2619 | D:5      | Entered Level 5 of the Dungeon
  2625 | D:5      | Noticed Sigmund
  2633 | D:5      | Killed Sigmund
  2653 | D:5      | Reached skill level 10 in Unarmed Combat
  2798 | D:5      | Noticed Menkaure
  2810 | D:5      | Killed Menkaure
  2948 | D:5      | Reached XP level 9. HP: 41/41 MP: 13/13
  2949 | D:5      | Found an ancient bone altar of Kikubaaqudgha.
  2952 | D:5      | Found a stormy altar of Qazlal.
  2955 | D:5      | Found a shimmering blue altar of Sif Muna.
  2999 | D:5      | Reached skill level 11 in Unarmed Combat
  3122 | D:5      | Found a runed translucent door.
  3123 | D:5      | Noticed Crazy Yiuf
  3364 | D:5      | Killed Crazy Yiuf
  3664 | D:6      | Found a sparkling altar of Nemelex Xobeh.
  4103 | D:7      | Found a broken altar of Ashenzari.
  4233 | D:7      | Noticed Joseph
  4242 | D:7      | Slain by Joseph

Illustrated notes

Levels and vault maps discovered:
D:1:      dpeg_arrival_court, layout_rooms
D:2:      layout_loops_ring, serial_shops, shop, basic_altar,
          hellmonk_ecumenical_altar_blasted, minmay_misc_feat_more_columns,
          hangedman_decor_riveting, uniq_terence
D:3:      layout_loops_ring, uniq_robin, uniq_ijyb
D:4:      layout_basic, mainiacjoe_overflow_six_doors_small,
          overflow_temple_1_default, minmay_temple_entry_poolview, minivault_19,
          minmay_goblin_kobold_house, uniq_pikel
D:5:      layout_basic, grunt_temple_overflow_diamond, uniq_crazy_yiuf_cottage,
          uniq_sigmund, uniq_menkaure
D:6:      layout_loops_ring, nemelex_diamond_rough_becter
D:7:      layout_gridville, mainiacjoe_overflow_boulevard, serial_bayou_ford_a,
          minmay_misc_feat_encased, uniq_joseph
Temple:   jpeg_temple_clearing

Skill      XL: |  1  2  3  4  5  6  7  8  9 |
---------------+----------------------------+-----
Fighting       | 1 4 |  4.6
Unarmed Combat | 1 2 3 4 5 7 9 10 11 | 11.2
Dodging        | |  1.5
Stealth        | |  2.4
Spellcasting   | |  2.1
Conjurations   | |  1.0
Fire Magic     | |  3.0

Action                     |  1- 3 |  4- 6 |  7- 9 || total
---------------------------+-------+-------+-------++-------
  Melee: Unarmed           |    99 |   208 |   149 ||   456
         Bite              |    24 |    45 |    54 ||   123
         Punch             |     4 |     4 |    10 ||    18
  Throw: Throwing net      |       |     1 |       ||     1
   Cast: Foxfire           |     9 |       |       ||     9
   Stab: Sleeping          |     3 |       |     1 ||     4
         Distracted        |       |     1 |       ||     1
         Held in net/web   |       |     1 |       ||     1
 Armour: Robe              |     1 |       |       ||     1
         Ring mail         |    24 |    52 |    23 ||    99
  Dodge: Dodged            |    64 |   119 |    44 ||   227
  Block: Other             |       |     2 |    21 ||    23
